 Dungeon Crawl Stone Soup version 0.29.1-14-g9c671dbff4 (webtiles) character file.

Game seed: 12615497333490176775

4007 Eitelfritz the Carver (level 10, -3/88 HPs)
             Began as a Minotaur Gladiator on Feb 17, 2023.
             Slain by an orc knight
             ... wielding a +0 broad axe
              (16 damage)
             ... in a bailey.
             The game lasted 00:18:46 (9626 turns).

Eitelfritz the Carver (Minotaur Gladiator)          Turns: 9626, Time: 00:18:47

Health: -3/88      AC: 19    Str: 21    XL:     10   Next: 3%
Magic:  9/9        EV: 10    Int:  5    God:
Gold:   218        SH:  0    Dex: 14    Spells: 9/9 levels left

rFire   . . .      SeeInvis +   a - +1 scimitar
rCold   . . .      Faith    .   (no shield)
rNeg    . . .      Spirit   .   x - +0 chain mail {Will+}
rPois   .          Reflect  .   c - +2 hat
rElec   +          Harm     .   z - +2 cloak "Eshiss" {rElec Str+2 Int-4 SInv}
rCorr   +          Rampage  .   y - +1 pair of gloves "Jeumymp" {rCorr Dex+2}
Will    +....                   (no boots)
Stlth   ..........              (no amulet)
HPRegen 0.24/turn               r - ring of resist corrosion
MPRegen 0.11/turn               (no ring)

@: hasted, very quick
A: horns 2, retaliatory headbutt
a: no special abilities


You were in a bailey.
You visited 1 branch of the dungeon, and saw 8 of its levels.
You also visited: Bailey.

You collected 446 gold pieces.
You spent 228 gold pieces at shops.

Inventory:

Hand Weapons
 a - a +1 scimitar (weapon)
 b - a +0 arbalest
 g - the +0 rapier "Hell-Harrower" {vorpal, *Noise rCorr Int+4 SInv}
   (You found it on level 5 of the Dungeon)

   It inflicts extra damage upon your enemies.
   Int:       It affects your intelligence (+4).
   SInv:      It lets you see invisible.
   *Noise:    It may make noises in combat.
   rCorr:     It protects you from acid and corrosion.
 j - a +1 vampiric falchion
 K - a +0 vorpal flail
 M - a +0 morningstar
Missiles
 d - 4 throwing nets
 e - a javelin
 i - 25 poisoned darts (quivered)
 p - 70 stones
 L - 3 silver boomerangs
Armour
 c - a +2 hat (worn)
 o - a +0 cloak
 x - a +0 chain mail of willpower (worn)
 y - the +1 pair of gloves "Jeumymp" (worn) {rCorr Dex+2}
   (You found it on level 3 of the Dungeon)

   Dex:       It affects your dexterity (+2).
   rCorr:     It protects you from acid and corrosion.
 z - the +2 cloak "Eshiss" (worn) {rElec Str+2 Int-4 SInv}
   (You bought it in a shop on level 1 of the Dungeon)

   Str:       It affects your strength (+2).
   Int:       It affects your intelligence (-4).
   rElec:     It insulates you from electricity.
   SInv:      It lets you see invisible.
Jewellery
 q - a ring of wizardry
 r - a ring of resist corrosion (left hand)
Wands
 t - a wand of roots (14)
 G - a wand of quicksilver (12)
 N - a wand of paralysis (8)
Scrolls
 h - a scroll of fear
 k - a scroll of teleportation
 u - 2 scrolls of blinking
 C - a scroll of amnesia {unknown}
 D - 2 scrolls of enchant armour
 E - a scroll of immolation {unknown}
 I - a scroll of brand weapon {unknown}
Potions
 f - 5 potions of brilliance
 l - a potion of heal wounds
 m - 3 potions of curing
 s - 6 potions of flight
 w - 3 potions of lignification
 A - 2 potions of haste
 B - a potion of attraction {unknown}
 H - a potion of mutation {unknown}
 J - a potion of ambrosia {unknown}


   Skills:
 + Level 7.6 Fighting
 + Level 11.6 Long Blades
 + Level 2.3 Ranged Weapons
 + Level 2.6 Throwing
 + Level 8.8 Armour
 + Level 5.6 Dodging
 + Level 1.6 Stealth


You had 9 spell levels left.
You didn't know any spells.
Your spell library contained the following spells:

 Spells                   Type           Power      Damage    Failure   Level
 Magic Dart               Conj           0%         1d3       98%         1
 Sublimation of Blood     Necr           0%         N/A       99%         2
 Wereblood                Tmut           0%         N/A       99%         2
 Ignite Poison            Fire/Tmut/Pois 0%         N/A       100%        3
 Mephitic Cloud           Conj/Pois/Air  0%         N/A       100%        3
 Summon Ice Beast         Ice/Summ       0%         N/A       100%        4
 Freezing Cloud           Conj/Ice/Air   0%         6-21      100%        5
 Summon Mana Viper        Hex/Summ       0%         N/A       100%        5
 Iron Shot                Conj/Erth      0%         9d1       100%        6
 Monstrous Menagerie      Summ           0%         N/A       100%        7
 Summon Hydra             Summ           0%         N/A       100%        7


Dungeon Overview and Level Annotations

Branches:
Dungeon (8/15)             Bailey (1/1)
 Temple: D:4-7         Lair: D:8-11

Altars:
Yredelemnul

Shops:
D:1 [


Innate Abilities, Weirdness & Mutations

You have a pair of horns on your head.
You reflexively headbutt those who attack you in melee.


Message History

The hobgoblin hits you with a +0 hand axe.
You barely miss the orc knight. You headbutt the orc knight.
The orc knight is lightly wounded.
You hit the orc knight. Your headbutt misses the orc knight.
The orc knight is lightly wounded.
The orc warrior hits you but does no damage.
The hobgoblin barely misses you.
The orc knight hits you with a +0 broad axe!
You barely miss the orc knight. Your headbutt misses the orc knight.
The orc knight is lightly wounded.
You hit the orc knight but do no damage.
The orc knight is lightly wounded.
The orc warrior hits you with a +0 war axe!
The hobgoblin hits you but does no damage.
The orc knight hits you but does no damage.
You hit the orc knight but do no damage.
The orc knight is lightly wounded.
The orc warrior hits you with a +0 war axe.
* * * LOW HITPOINT WARNING * * *
The hobgoblin hits you with a +0 hand axe.
* * * LOW HITPOINT WARNING * * *
The orc knight hits you with a +0 broad axe!
* * * LOW HITPOINT WARNING * * *
You feel much better.
You barely miss the orc knight.
You headbutt the orc knight, but do no damage.
The orc knight is lightly wounded.
The orc warrior hits you with a +0 war axe!!
* * * LOW HITPOINT WARNING * * *
The hobgoblin hits you but does no damage.
The orc knight hits you but does no damage.
You hit the orc warrior but do no damage.
The orc warrior is lightly wounded.
You hit the orc warrior but do no damage.
The orc warrior is lightly wounded.
The orc warrior closely misses you. You furiously retaliate!
You headbutt the orc warrior, but do no damage.
The hobgoblin hits you but does no damage.
The orc knight hits you with a +0 broad axe!
You die...

## ### ##.### ###.###
.....### ###.....###
.......###.........##
........#...........#
........)...........#
..⌠....)#.....⌠.....#
........#...........#
........#......o@o..#
.......###.....g.).##
.....### ###.....#'#
##.### ###.###.....#
.### ### .g.....!#
..# ........!! ..#
8.........! ..#
+.....⌠....∩ ..#
#8.........?


You could see an orc knight, an orc warrior (strong) and a hobgoblin.

Vanquished Creatures
  The ghost of plinio the Cleaver, a novice HOBe of Trog (D:4)
  A wyvern (D:6)
  3 steam dragons (D:6)
  Menkaure (D:5)
  A water moccasin (D:5)
  Duvessa (D:4)
  2 black bears
  An ice beast (D:6)
  A sky beast (D:6)
  7 orc warriors
  An ogre (D:6)
  A centaur (D:6)
  A kobold brigand (D:6)
  2 bullfrogs (D:7)
  2 necrophages (D:4)
  3 scorpions
  4 wights (D:6)
  Dowan (D:4)
  2 bullfrog zombies (D:4)
  6 hounds
  A jelly (D:5)
  5 orc priests (D:7)
  2 orc wizards
  A howler monkey zombie (D:4)
  8 gnolls
  6 adders
  A shadow imp (D:4)
  An ufetubus (D:6)
  3 worms
  A dart slug (D:1)
  22 orcs
  4 ball pythons
  5 bats (D:1)
  10 endoplasms
  2 giant cockroaches (D:1)
  8 goblins
  13 hobgoblins
  4 jackals (D:3)
  3 quokkas
  A frilled lizard (D:1)
  13 kobolds
  A kobold skeleton (D:5)
  2 kobold zombies (D:5)
  10 rats
169 creatures vanquished.

Notes
Turn   | Place    | Note
-------+----------+-------------------------------------------
     0 | D:1      | Eitelfritz the Minotaur Gladiator began the quest for the
                  | Orb.
     0 | D:1      | Reached XP level 1. HP: 18/18 MP: 0/0
   377 | D:1      | Reached XP level 2. HP: 25/25 MP: 1/1
   667 | D:1      | Reached skill level 4 in Long Blades
   751 | D:1      | Found Odadu's Antique Armour Shop.
   879 | D:1      | Reached skill level 1 in Armour
  1194 | D:1      | Reached XP level 3. HP: 27/30 MP: 2/2
  2197 | D:2      | Reached XP level 4. HP: 35/38 MP: 3/3
  2270 | D:2      | Reached skill level 5 in Long Blades
  2554 | D:2      | Found a faded altar of an unknown god.
  3377 | D:3      | Identified the +1 pair of gloves "Jeumymp" {rCorr Dex+2}
  3897 | D:4      | Reached XP level 5. HP: 45/45 MP: 4/4
  3907 | D:4      | Noticed a black bear
  3925 | D:4      | Killed a black bear
  4234 | D:4      | Reached skill level 6 in Long Blades
  4234 | D:4      | Reached XP level 6. HP: 52/52 MP: 5/5
  4342 | D:4      | Noticed Dowan
  4344 | D:4      | Noticed Duvessa
  4356 | D:4      | Killed Dowan
  4359 | D:4      | Killed Duvessa
  4802 | D:4      | Found a transporter.
  4806 | D:4      | Found a transporter.
  4807 | D:4      | Noticed plinio's ghost (novice HOBe)
  5071 | D:4      | Reached XP level 7. HP: 45/60 MP: 6/6
  5257 | D:5      | Entered Level 5 of the Dungeon
  5257 | D:5      | Noticed a human
  5257 | D:5      | Found a runed translucent door.
  5266 | D:4      | Reached skill level 7 in Long Blades
  5337 | D:5      | Found a basalt altar of Yredelemnul.
  5363 | D:5      | Noticed Menkaure
  5426 | D:4      | Reached skill level 1 in Stealth
  5707 | D:5      | Killed Menkaure
  5880 | D:5      | Reached skill level 5 in Fighting
  5880 | D:5      | Reached skill level 5 in Armour
  6329 | D:5      | Reached skill level 8 in Long Blades
  6333 | D:5      | Reached XP level 8. HP: 62/68 MP: 7/7
  6386 | D:5      | Got the Catalogue of Bolts
  6606 | D:5      | Identified the +0 rapier "Hell-Harrower" {vorpal, *Noise
                  | rCorr Int+4 SInv}
  6792 | D:1      | Bought a scorched cloak for 228 gold pieces
  6792 | D:1      | Identified the +2 cloak "Eshiss" {rElec Str+2 Int-4 SInv}
                  | (You bought it in a shop on level 1 of the Dungeon)
  6957 | D:4      | Killed plinio's ghost
  6958 | D:4      | Reached skill level 9 in Long Blades
  7268 | D:6      | Reached skill level 10 in Long Blades
  7406 | D:6      | Reached XP level 9. HP: 45/77 MP: 8/8
  7756 | D:6      | Reached skill level 1 in Ranged Weapons
  8503 | D:6      | Reached skill level 11 in Long Blades
  9073 | D:7      | Reached skill level 5 in Dodging
  9140 | D:7      | Found a flagged portal.
  9166 | Bailey   | Entered a bailey
  9503 | Bailey   | Reached XP level 10. HP: 65/86 MP: 9/9
  9603 | Bailey   | Noticed an orc knight
  9626 | Bailey   | Slain by an orc knight

Illustrated notes

Levels and vault maps discovered:
D:1:      dpeg_arrival_radiant, layout_basic, serial_shops, shop
D:2:      layout_loops_corners, dilly_ecumenical_altar_fadedgnrine
D:3:      layout_basic, solitary_fountain
D:4:      layout_layer_cave, gammafunk_ghost_mausoleum, grunt_ministairs_12,
          st_stairs_14, uniq_duvessa
D:5:      layout_rooms, dk_yredelemnul_ordeal, uniq_menkaure
D:6:      cheibrodos_steamvent, layout_loops_ring, chequers_jeans
D:7:      layout_cave_pools, minmay_temple_entry_nine_rooms, enter_bailey_2
D:8:      layout_loops_corners, trog_butcher_becter
Bailey:   bailey_axe_minmay_hex_keep, bailey

Skill      XL: |  1  2  3  4  5  6  7  8  9 |
---------------+----------------------------+-----
Long Blades    | 4 5 6 8 10 11 | 11.6
Armour         | 1 2 3 4 5 7 8 |  8.8
Fighting       | 3 4 5 6 7 |  7.6
Dodging        | 4 5 |  5.6
Stealth        | 1 |  1.6
Ranged Weapons | 2 |  2.3
Throwing       | |  2.6

Action                   |  1- 3 |  4- 6 |  7- 9 | 10-12 || total
-------------------------+-------+-------+-------+-------++-------
Melee: Long sword        |    80 |   106 |   182 |       ||   368
       Headbutt          |     8 |    12 |    60 |     4 ||    84
       Punch             |       |     1 |     3 |       ||     4
       Scimitar          |       |       |   131 |    14 ||   145
 Fire: Arbalest          |       |       |    15 |       ||    15
Throw: Dart              |       |    11 |       |       ||    11
  Use: Scroll            |       |    14 |     2 |     2 ||    18
       Potion            |       |     1 |     1 |     2 ||     4
 Stab: Distracted        |       |       |     1 |       ||     1
Armor: Ring mail         |    29 |    41 |    16 |       ||    86
       Leather armour    |     1 |       |       |       ||     1
       Chain mail        |       |       |   146 |     7 ||   153
Dodge: Dodged            |    58 |    68 |   189 |     9 ||   324
